[Event "FRA-ch 91st"]
[Site "Agen"]
[Date "2016.08.18"]
[Round "6"]
[White "Gharamian, Tigran"]
[Black "Bauer, Christian"]
[Result "1-0"]
[ECO "B01"]
[WhiteElo "2637"]
[BlackElo "2620"]
[Annotator "Besenthal,K/Primel,D"]
[PlyCount "101"]
[EventDate "2016.08.13"]
[EventType "tourn"]
[EventRounds "9"]
[EventCountry "FRA"]
[EventCategory "14"]
[SourceTitle "CBM 174"]
[Source "ChessBase"]
[SourceDate "2016.09.13"]
[SourceVersion "1"]
[SourceVersionDate "2016.09.13"]
[SourceQuality "1"]
[TimeControl "40/5400+30:1800+30"]

1. e4 d5 2. exd5 Qxd5 3. Nc3 Qd6 4. d4 c6 5. Ne4 (5. Bc4 Nf6 6. h3 Bf5 7. g4
Be6 8. Bb3 Bd5 9. Nxd5 cxd5 10. Nf3 Nc6 11. Qe2 e6 12. c3 Nd7 13. Be3 Be7 14.
g5 Qc7 15. h4 Bd6 16. O-O-O O-O-O 17. Kb1 Na5 18. Bc2 Nc4 19. Bd3 Ndb6 20. Bc1
Kb8 21. h5 g6 22. b3 Na3+ 23. Kb2 Nd7 24. Bd2 Rc8 25. Ne5 Nxe5 26. dxe5 Be7 27.
Rh4 a6 28. Ra4 Qc5 29. Rb4 Qa5 30. Rf4 Nb5 31. Bxb5 axb5 32. Rxf7 Ba3+ 33. Kb1
b4 34. cxb4 Bxb4 {Edouard,R (2680)-Bauer,C (2658) Nimes 2014 0-1}) 5... Qe6 6. Qe2 Nf6 7. Nxf6+ Qxf6 8. Be3 Bf5 9.
O-O-O $146 (9. g4 Bd7 10. Bg2 Na6 11. Nh3 Nb4 12. Ng5 Nd5 13.
Ne4 Qg6 14. h3 h5 15. Nc5 hxg4 16. Nxd7 Kxd7 17. hxg4 Rxh1+ 18. Bxh1 e6 19.
O-O-O Bd6 20. Bd2 Rh8 21. Be4 Nf4 22. Qf3 Qf6 23. Qb3 Kc8 24. Be3 Nd5 25. Bxd5
exd5 26. c4 Qf3 27. cxd5 cxd5 28. Kb1 Kb8 29. g5 Qe4+ 30. Qc2 Qxc2+ 31. Kxc2 g6
32. Kd3 Kc7 33. Ke2 Kd7 34. Kf3 Ke6 35. Kg4 Rc8 36. Rc1 Rc7 37. a3 Rc6 38. Re1
Kd7 {Sanal,V (2390)-Delchev,A (2638) Skopje 2014 1/2-1/2 (78)}) 9... Nd7 10. g4 $5 Be6 11. Bg2 Nb6 12. f4 $6 {[%emt 0:02:00] Das sieht
merkwürdig aus, denn es ist nicht klar, was Weiß mit dem Vorrücken seiner
Bauern eigentlich erreichen will. So gesehen muss er damit rechnen, am Ende
einfach nur schwache - weil zu weit vorgestoßene - Bauern zu besitzen.} O-O-O (12... Bxa2 {war ebenfalls spielbar:} 13. b3 Qd6 14. Kb2 e6
15. Kxa2 Qa3+ 16. Kb1 Na4 17. bxa4 Qb4+ 18. Kc1 Qa3+ 19. Kb1 $11 (19. Kd2 $4
Bb4+ 20. c3 Qxc3#)) 13. Kb1 Bc4 14. Qf2 e6 15. Nf3 Bd6 16. Nd2 Bd5 17. Ne4 Qg6 18. Ng5 $13 (18. Nxd6+
Rxd6 19. Rhg1 Bxg2 20. Qxg2 $11) 18... Bxg2 19. f5 exf5 20. gxf5 Qh5 21. Qxg2 Rhe8 {[%emt 0:00:35] Die Initiative ist auf Schwarz
übergegangen. Der Nachziehende hat bei guter Figurenstellung die bessere
Struktur.} 22. Bc1 h6 $6 {[%emt 0:06:01] Treibt den weißen
Springer auf bessere Felder.} (22... Nd5 $1) 23. Qf3 $6 (23.
Ne4 $1) 23... Qxf3 24. Nxf3 Be7 25. Ne5 {[%emt 0:01:16] Das war die Absicht, die Weiß mit dem
Damentausch verfolgt hatte: Schwarze hatte nicht verhindern können, dass der
weiße Springer nach e5 gelangt. Ausrichten kann diese Figur aber nichts.} f6 26. Ng6 Rd5 27. Rhf1 $14 Bd6 28. h3 Re4 29. c3 {[%emt 0:00:22] Weiß ist keinesfalls verloren, denn er kann alles
decken, doch er ist in eine passive Rolle geraten.} Kd7 30.
Kc2 Re2+ 31. Rd2 Rxd2+ 32. Bxd2 Nc8 $6 {[%emt 0:00:25] Nach diesem
passiven Zug kommt Weiß wieder in die Vorwärtsbewegung.} (32... c5 $1 33. b3
c4 $11) 33. Kd3 b5 ({Oder} 33... c5 34. Ke4
Nb6 35. b3 $14) 34. b3 c5 (34...
Bc7 35. Ke4 Bb6) 35. Be3 cxd4 36. Ke4 $1 dxe3 $5 ({Mit} 36... Rc5 37. Bxd4
Rc7 {wäre Schwarz auf der sicheren Seite gewesen.}) 37. Kxd5 Bg3 38. Nf4 Ne7+ $6 {[%emt 0:00:50] Joué
quasiment à tempo mais c'était une position critique} ({Notwendig war} 38...
Bxf4 39. Rxf4 Ne7+ 40. Kd4 e2 41. Re4 Nxf5+ 42. Kd3 Ng3 43. Re3 (43. Rd4+ Kc6
44. Kd2 f5 $11)) 39. Ke4 Bxf4 40. Kxf4 e2 41. Rg1 $1 ({Nach dem
naheliegenden} 41. Re1 Nd5+ 42. Ke4 Nxc3+ 43. Kd3 b4 44. Rg1 Kd6 45. Kd2 Ke5
46. Rxg7 a5 47. Ra7 Kxf5 48. Rxa5+ Kf4 $1 {kann sich Schwarz hingegen
verteidigen.} (48... Ke4 $2 49. Rc5)) 41... Nd5+ 42. Kf3 Nxc3 43. Kf2 Kd6 44. Rxg7 a5 45. Ra7 Ke5 46. Rxa5 Kxf5 47. a4 Ke4 48. Rxb5 Kd3 49. Ke1 Ke3 50. Rc5 Ne4 51. Rc2 1-0

[Event "FRA-ch 58 Championnat"]
[Site "Belfort"]
[Date "1983.08.13"]
[Round "3"]
[White "Bernard, Christophe"]
[Black "Goldenberg, Richard"]
[Result "1-0"]
[ECO "B01"]
[WhiteElo "2335"]
[BlackElo "2325"]
[Annotator "Primel,D"]
[PlyCount "63"]
[EventDate "1983.08.12"]
[EventType "tourn"]
[EventRounds "15"]
[EventCountry "FRA"]
[EventCategory "2"]
[SourceTitle "EXT 2016"]
[Source "ChessBase"]
[SourceDate "2015.10.08"]
[SourceVersion "1"]
[SourceVersionDate "2015.10.08"]
[SourceQuality "1"]
[TimeControl "40/9000:16/5400:0"]

1. e4 d5 2. exd5 Nf6 3. d4 Nxd5 (3... Bg4 {La variante belgo portugaise est
devenue populaire à la fin des années 80}) 4. Nf3 Bg4 5. h3 Bh5 6. g4 (6. c4
Nb6) 6... Bg6 7. Ne5 Nc6 (7... Nd7 8. Nxg6 hxg6 9. Bg2 $14) 8. Nxg6 hxg6 9. c4
$146 (9. Bg2 Qd6 {Timoscenko,G-Gipslis,A URS-chT Armies 1975 1-0} (9... e6 10.
c4 Nb6 11. c5 (11. O-O))) 9... Ndb4 $1 {[%csl Re1] Les Noirs veulent essayer
de profiter de l'avance de développement} 10. d5 (10. a3 $5 Qxd4 11. Qe2 (11.
axb4 Qe4+) 11... Na6 12. Be3 Qe5 13. Bg2 Nc5 14. Nc3 O-O-O $132) 10... Nd4 11. Na3 e5 $1 12. Be3 c5 13. Bg2 Bd6 $132 {Les
pièces Noires sont plus actives} 14. O-O a6 15. Bxd4 $6 exd4 $6 (15... cxd4
$142 {Il semble plus sain de ne pas ouvrir la colonne "e" car le K Noir est
bloqué au centre.} 16. c5 Bxc5 17. Nc4 Rc8 $13) 16. Nb1 Qf6 $6 {[%cal Gf6f4]
Les Noirs brûlent le vaisseau car le Nb4 n'a plus de case de fuites} (16... a5
$8 17. a3 (17. Re1+) 17... Na6 18. Re1+ Kf8 $13 )
17. Re1+ $1 {[%cal Gg1f1] Non seulement les Noirs sont déroqués mais le Kg1
gagne une case de fuite.} Kd7 (17... Kf8 18. a3) 18. a3 Qf4 19. Kf1 Rxh3 (19...
Nxd5 20. cxd5 (20. Bxd5 Rxh3 21. Bxb7 Rah8 (21... Rd8 22. Qa4+ Kc7 23. Qc6+)
22. Qa4+ Kc7 23. Qc6+ Kb8 24. Qxa6 (24. Nd2 d3 ) (24. Ke2 Rb3)
24... Rh1+) 20... Rae8 $13) 20. Bxh3 Rh8 21. Bg2 Rh2 22. Qf3 $18 {Provoque des
échanges et l'attaque Noire s'essoufle} Nc2 23. Qxf4 Bxf4 24. Re4 Bc1 25. Ra2
d3 26. Nc3 {Les Blancs ont terminé le développement et les Noirs pouvaient
abandonner.} f5 27. Re6 Rh8 28. Rxg6 Re8 29. Re6 Rxe6 30. dxe6+ Kxe6 31. gxf5+
Kxf5 32. Be4+ 1-0

[Event "Sautron op qual 19th"]
[Site "Sautron"]
[Date "2019.08.31"]
[Round "6.2"]
[White "Abergel, Thal"]
[Black "Delorme, Alban"]
[Result "1-0"]
[ECO "B01"]
[WhiteElo "2471"]
[BlackElo "2308"]
[Annotator "Primel,D"]
[PlyCount "67"]
[EventDate "2019.08.30"]
[EventType "swiss"]
[EventRounds "6"]
[EventCountry "FRA"]
[SourceTitle "EXT 2021"]
[Source "ChessBase"]
[SourceDate "2020.10.23"]
[SourceVersion "1"]
[SourceVersionDate "2020.10.23"]
[SourceQuality "1"]
[TimeControl "5400+30"]

1. e4 d5 2. exd5 Qxd5 3. Nc3 Qd6 {Une idée de Tiviakov qui a eu des bons
résultats pendant plusieurs années} (3... Qa5) 4. d4 g6 {Une ligne
secondaire un peu risquée} (4... Nf6) (4... c6) ({Pertinent:} 4... Nf6 5. Nf3
g6 6. Nb5 Qd8 7. c4 c6 8. Nc3 Bg4 9. Be2 Bg7 10. h3 Bxf3 11. Bxf3 Nbd7 12. O-O
O-O 13. Re1 Re8 14. Bf4 e6 15. Qc2 Nb6 16. Qd3 Nfd7 17. Rad1 e5 18. dxe5 Bxe5
19. Bxe5 Nxe5 20. Rxe5 Qxd3 21. Rxe8+ Rxe8 22. Rxd3 Nxc4 23. Ne4 Re7 24. b3 Ne5
25. Rd8+ Kg7 26. Kf1 b6 27. Nd6 Nxf3 28. gxf3 Kf6 29. Nc4 c5 30. a4 Kg5 31. Kg2
f5 32. Kg3 Re1 33. f4+ Kh6 34. Ne5 {Caruana,F (2819)-Nakamura,H (2754) Paris
2019 1-0}) 5. Nb5 (5. Nf3 Nf6 6. Nb5 Qb6 (6... Qd8 7. Bf4 Na6 8. c4)) 5... Qd8
6. c4 Bg7 7. Nf3 Bg4 {Semble trop risqué} (7... Nf6 $142 {Plus solide} 8. Be2
O-O 9. O-O c6 10. Nc3 Bg4 11. Ne5 Bxe2 12. Qxe2 Nbd7 13. Rd1 {Et l'avantage
Blanc est moins important que dans la partie}) 8. Nc3 c6 {Il est souvent
important de contrôler la case "d5" dans la scandinave mais au risque d'un
retard de développement.} 9. Be3 e5 10. d5 Ne7 {Le signe que la position
Noire n'est pas trés saine} 11. h3 $1 {La position est ouverte et le gain de
la paire de B est important en particulier avec un P passé} Bxf3 12. Qxf3 O-O
13. O-O-O $1 Qa5 14. Kb1 Nf5 15. Ne4 $1 {[%csl Ge4][%cal Gd5d6]
Le Ne4 est trés fort} Na6 16. g4 $1 {Donne la paire de B mais le Ne4 est
renforcé} Nxe3 17. fxe3 cxd5 18. cxd5 Rac8 (18... Rfd8 19. Be2 Rxd5 20. Rxd5
Qxd5 21. Nf6+) 19. Bxa6 $1 {Une bonne décision pratique pour accélérer le
développement} Qxa6 20. g5 f5 21. gxf6 Bxf6 22. d6 $36 {[%csl Rf6][%cal Ge4f6]
Gagne un tempo important} Bg7 23. Qg4 $1 Qc4 24. d7 {
Comme souvent le P passé doit être poussé} Qc2+ (24... Rcd8 25. Nf6+ ) 25. Ka1 Rcd8 26. Rc1 $1 Qd3 27. Rhd1 $40 {La partie est
exemplaire sur le thème des gains de temps sur l'adversaire. Du 22ème au
27ème coup, le GMI a gagné 3 tempis!} Qxe3 28. Qe6+ Kh8 29. Qd5 Rf4 $6 {
Perd un tempo} 30. Rc8 Rff8 31. Rxd8 Rxd8 32. Nd6 Rxd7 33. Nf7+ Rxf7 34. Qxf7 {
Une belle démonstration technique sur le maniement du P passé} 1-0

[Event "Plancoet op-A 10th"]
[Site "Plancoet"]
[Date "2013.08.02"]
[Round "7"]
[White "Meng, Roger"]
[Black "Milchev, Nikolay"]
[Result "1/2-1/2"]
[ECO "B01"]
[WhiteElo "2307"]
[BlackElo "2433"]
[Annotator "RR"]
[PlyCount "40"]
[EventDate "2013.07.28"]
[EventType "swiss"]
[EventRounds "9"]
[EventCountry "FRA"]
[SourceTitle "EXT 2017"]
[Source "ChessBase"]
[SourceDate "2016.10.25"]
[SourceVersion "1"]
[SourceVersionDate "2016.10.25"]
[SourceQuality "1"]
[TimeControl "40/5400+30:1800+30"]

1. e4 d5 2. exd5 Qxd5 3. Nc3 Qd6 4. d4 Nf6 5. g3 (5. Nf3 c6 6. h3 g6 7. Ne5
Nbd7 8. Bf4 Nxe5 9. Bxe5 Qb4 10. a3 Qa5 11. Bc4 Bg7 12. O-O O-O 13. Qe2 Bf5 14.
g4 Bd7 15. f4 e6 16. h4 h5 17. g5 Ng4 18. Ne4 Qb6 19. c3 Nxe5 20. fxe5 c5 21.
Nxc5 Bc6 22. Rf4 Qc7 23. Raf1 b6 24. Ne4 Bxe4 25. Rxe4 Rae8 26. Bb5 Re7 27. a4
Qd8 28. Ref4 Rc7 29. Qf3 Re7 30. Bd3 Rc7 31. Be4 Rd7 32. Kg2 Rc7 33. Qe2 Rd7
34. R1f3 Rc7 {Vallejo Pons,F (2706)-Georgiev,K (2636) Khanty-Mansiysk 2013 1-0}
) 5... Bg4 6. Nf3 Nc6 7. Nb5 Qe6+ $146 (7... Qd7 8. Bf4
Nd5 9. Be2 a6 10. Nc3 Nxf4 11. gxf4 e6 12. Rg1 Bxf3 13. Bxf3 O-O-O 14. d5 Nb4
15. a3 Nxd5 16. Nxd5 exd5 17. Rg5 Qb5 18. Bg4+ Kb8 19. Be2 Qc6 20. Bf3 Qb5 21.
Be2 Qb6 22. b4 Be7 23. Rg3 Bh4 24. Rf3 Rhe8 25. Kf1 Re6 26. Rb1 Rde8 27. Bd3 g6
28. a4 f5 29. a5 Qd4 30. Qd2 Bf6 31. b5 axb5 32. Rxb5 Qa1+ 33. Kg2 Bc3 34. Rb1
Qxa5 35. Ba6 Bxd2 36. Rxb7+ Ka8 {0-1 (36) Cobo Garrido,D (2062)-Lopez Gracia,F
(2319) Spain 2011}) 8. Be2 O-O-O 9. Ng5 $1 Qxe2+ 10. Qxe2 Bxe2 11. Kxe2 a6 12.
Nxf7 $13 {La position est trés compliquée mais les Noirs semblent la tenir.}
axb5 13. Nxh8 Nxd4+ 14. Kf1 Nxc2 15. Rb1 Rd1+ 16. Kg2 Ne1+ 17. Kf1 Nd3+ 18. Kg2
Ne1+ {Forçant la nulle} 19. Kf1 Nd3+ 20. Kg2 Ne1+ 1/2-1/2

[Event "Plancoet op-A 10th"]
[Site "Plancoet"]
[Date "2013.07.31"]
[Round "5"]
[White "Guliyev, Namig"]
[Black "Kukov, Velislav"]
[Result "1-0"]
[ECO "B01"]
[WhiteElo "2569"]
[BlackElo "2370"]
[Annotator "RR"]
[PlyCount "103"]
[EventDate "2013.07.28"]
[EventType "swiss"]
[EventRounds "9"]
[EventCountry "FRA"]
[SourceTitle "EXT 2017"]
[Source "ChessBase"]
[SourceDate "2016.10.25"]
[SourceVersion "1"]
[SourceVersionDate "2016.10.25"]
[SourceQuality "1"]
[TimeControl "40/5400+30:1800+30"]

1. e4 d5 2. exd5 Qxd5 3. Nc3 Qd6 4. g3 Nf6 5. Bg2 g6 (5... c6) 6. Nf3 (6. Nge2
Bg7 7. O-O O-O 8. d3 c6 9. Rb1 a5 10. Bf4 e5 11. Be3 Nd5 12. Bd2 Be6 13. a3 a4
14. Ne4 Qc7 15. c4 Nb6 16. Nc5 Bf5 17. Nc3 N8d7 18. Nxd7 Nxd7 19. Be3 Qa5 20.
Ne4 Bxe4 21. dxe4 Rfd8 22. Qc2 Nc5 23. Rbd1 Nb3 24. Rxd8+ Rxd8 25. Rd1 Bf8 26.
Bg5 Rd4 27. Be3 Rd8 28. Bg5 Rd4 29. Be3 Rd6 30. Rxd6 Qe1+ 31. Bf1 Bxd6 32. c5
Be7 33. Kg2 Qa5 34. Bc4 Nxc5 35. Bh6 Qd8 {Smirin,I (2663)-Inarkiev,E (2680)
Khanty-Mansiysk 2013 1/2-1/2}) 6... Bg7 7. O-O c6 8. d4 O-O 9. Re1 (9. Bf4)
9... Bg4 10. Bf4 Qd8 11. h3 Bxf3 12. Qxf3 e6 13. Rad1 $32 (13. Be5 Nbd7 14. Bd6
Re8 15. Rad1 Nb6 16. Be5 a5 17. g4 h6 18. Ne2 Nfd7 19. Bxg7 Kxg7 20. c4 Qe7 21.
b3 Nf6 22. Ng3 Rad8 23. Qe3 Qc7 24. f4 Nbd7 25. g5 Ng8 26. Ne4 hxg5 27. fxg5
Ne7 28. Qc3 Kg8 29. Qg3 Qxg3 30. Nxg3 Nb6 31. Ne4 Kg7 32. Nc5 Rb8 33. Re5 Nf5
34. Ne4 Red8 35. Rxa5 Nxd4 36. Kf2 Nf5 37. Rxd8 Rxd8 38. Ra7 Rb8 39. Nf6 Nc8
40. Ra4 Ncd6 41. Rb4 Ra8 42. a4 Ra7 {Kreuzholz,M (2343)-Muse,M (2448) Germany
2005 1-0}) 13... Nbd7 14. Nb1 $5 {[%cal Gb1a3,Ga3c4] Comme souvent l'avance de
développement des Blancs n'est pas facile à convertir} Qb6 (14... Qe7 15. Na3
Nd5 16. Bc1) 15. Bc1 Rfe8 16. Na3 Qc7 17. Bf4 e5 18. dxe5 Nxe5 19. Rxe5 Rxe5
20. Nc4 Nd5 21. Nxe5 Bxe5 22. Bc1 Nb6 23. b3 Rd8 $132 24. c4 Rxd1+ 25. Qxd1 Qd6
26. Qxd6 Bxd6 27. Be3 $14 {[%csl Ra7,Rb6,Rb7,Ge3,Gg2] Les Blancs ont un léger
avantage dans cette finale avec la paire de B et le fait que le N manque de
cases fortes au centre} Nc8 28. Kf1 Kf8 29. Ke2 Ke7 30. Kd3 Ke6 31. c5 Bc7 32.
b4 a6 33. a4 Ne7 34. Kc4 f6 (34... Nd5 35. Bxd5+ cxd5+ 36. Kd4 ) 35. h4 h5 36. Bd2 (36. Bh3+ f5 37. Bg5 Nd5 $132)
36... Be5 37. Bh3+ f5 38. Bg2 Bc7 39. b5 $1 axb5+ 40. axb5 Be5
41. Bg5 Bc7 42. b6 $1 {[%csl Gb6,Rb7] Gagne un tempo sur le B et le Pb6 est
trés fort car les blancs menacent le sacrifice Bc6 ou Bf1a6} (42. Bxe7 $6 Kxe7
43. bxc6 bxc6 44. Bxc6 Ba5 $11 ) 42... Be5 $2 (
42... Bb8) 43. f4 Bf6 $2 {Perd le sens du danger car le B controlait la
diagonale importante b8h2} 44. Bxf6 $1 Kxf6 45. Kd4 Ke6
46. Bf1 Kd7 47. Bc4 (47. Ke5 Nd5 48. Bc4 ) 47... Nc8 48. Ke5 Ne7
49. Be6+ {Les Noirs sont proches du zugzwang} Kd8 50. Kd6 Nd5 $22 51. Bxd5 cxd5
52. c6 1-0

[Event "Plancoet op-A 10th"]
[Site "Plancoet"]
[Date "2013.07.30"]
[Round "4"]
[White "Das, Arghyadip"]
[Black "Kukov, Velislav"]
[Result "1/2-1/2"]
[ECO "B01"]
[WhiteElo "2493"]
[BlackElo "2370"]
[Annotator "RR"]
[PlyCount "38"]
[EventDate "2013.07.28"]
[EventType "swiss"]
[EventRounds "9"]
[EventCountry "FRA"]
[SourceTitle "EXT 2017"]
[Source "ChessBase"]
[SourceDate "2016.10.25"]
[SourceVersion "1"]
[SourceVersionDate "2016.10.25"]
[SourceQuality "1"]
[TimeControl "40/5400+30:1800+30"]

1. e4 d5 2. exd5 Qxd5 3. Nc3 Qd6 4. d4 Nf6 (4... c6) 5. Nf3 g6 (5... c6 6. h3
g6 7. Ne5 Nbd7 8. Bf4 Nxe5 9. Bxe5 Qb4 10. a3 Qa5 11. Bc4 Bg7 12. O-O O-O 13.
Qe2 Bf5 14. g4 Bd7 15. f4 e6 16. h4 h5 17. g5 Ng4 18. Ne4 Qb6 19. c3 Nxe5 20.
fxe5 c5 21. Nxc5 Bc6 22. Rf4 Qc7 23. Raf1 b6 24. Ne4 Bxe4 25. Rxe4 Rae8 26. Bb5
Re7 27. a4 Qd8 28. Ref4 Rc7 29. Qf3 Re7 30. Bd3 Rc7 31. Be4 Rd7 32. Kg2 Rc7 33.
Qe2 Rd7 34. R1f3 Rc7 35. b4 {Vallejo Pons,F (2706)-Georgiev,K (2636)
Khanty-Mansiysk 2013 1-0}) 6. g3 Bg7 7. Bg2 Qa6 (
7... c6) 8. a4 $146 (8. Bf4 c6 9. a4 O-O 10. a5 Be6 11. Bf1 Bc4 12. Bxc4 Qxc4
13. Qe2 Qxe2+ 14. Kxe2 Na6 15. Ra4 Rfd8 16. Rd1 Rac8 17. Be5 Nd5 18. Bxg7 Kxg7
19. Ne4 Nf6 20. Nxf6 Kxf6 21. Rd3 Kg7 22. h4 Rd5 23. c4 Rd6 24. Re3 e6 25. b4
Rcd8 26. Rb3 Nc7 27. Ra1 R6d7 28. Rd3 h5 29. Rad1 Na6 30. Rb1 Nc7 {1/2-1/2 (30)
Oleksienko,M (2568)-Rakhmanov,A (2602) Abu Dhabi 2013}) 8... Bg4 9. h3 Qe6+ 10.
Be3 Bxf3 11. Qxf3 c6 12. O-O O-O 13. Rfe1 Qd7 {Malgré toutes les pertes de
temps de la Q Noire, il n'est pas facile d'en profiter pour les Blancs} 14.
Rad1 (14. d5 cxd5 15. Nxd5 Nxd5 16. Qxd5 Qxd5 17. Bxd5 Nc6 18. a5 e6 19. Bf3 a6
20. c3 Rad8 21. Bb6 (21. Rad1 Rxd1 (21... Nxa5 22. Bb6) 22. Rxd1 Nxa5) 21...
Rd2 22. Re2 Ne5) 14... e6 15. Bg5 Nd5 16. Ne4 h6 17. Bd2 Qe7 18. Qb3 a5 19. c4
Nb4 1/2-1/2